 Dungeon Crawl Stone Soup version 0.16-a0-1029-gdfc7942 (webtiles) character file.

79 FiftyNine the Cudgeler (level 4, -14/39 HPs)
             Began as a Naga Warper on Oct 4, 2014.
             Demolished by an ogre
             ... wielding a +0 giant club
              (18 damage)
             ... on level 3 of the Dungeon.
             The game lasted 00:10:02 (2994 turns).

FiftyNine the Cudgeler (Naga Warper)                Turns: 2994, Time: 00:10:02

HP -14/39        AC  5     Str 14      XL: 4   Next: 37%
MP   7/7         EV  7     Int 13      God:
Gold 114         SH  0     Dex 11      Spells:  2 memorised,  4 levels left

rFire  . . .     SeeInvis +     l - -1 hunting sling (curse)
rCold  . . .     Clarity  .     i - +0 ring mail
rNeg   . . .     rCorr    .     (no shield)
rPois  +         rRot     .     v - +0 helmet
rElec  .         Spirit   .     (no cloak)
SustAb .         Warding  .     (no gloves)
rMut   .         Stasis   .     (no barding)
Gourm  .                        (no amulet)
MR     .....                    (no ring)
                                (no ring)

@: short of breath, very slow, not resistant to hostile enchantments, very
unstealthy
A: spit poison, see invisible, deformed body, poison resistance, slowness 2, AC
+1
a: Spit Poison


You were on level 3 of the Dungeon.
You were not hungry.

You visited 1 branch of the dungeon, and saw 3 of its levels.

You collected 114 gold pieces.

Inventory:

Hand weapons
 a - a +0 mace
 j - a +0 dagger of venom
 l - a cursed -1 hunting sling (weapon)
 t - a +0 blowgun
Missiles
 e - 5 poisoned needles
 q - 2 stones (quivered)
Armour
 b - a +0 leather armour
 i - a +0 ring mail (worn)
 v - a +0 helmet (worn)
Comestibles
 f - a bread ration
 o - 2 meat rations
 u - a fruit
Scrolls
 d - a scroll of blinking
 s - 2 scrolls of identify
Jewellery
 g - an uncursed amulet of resist corrosion {unknown}
Potions
 h - 3 potions of might
 k - 3 potions of curing {unknown}
 n - 2 potions of agility {unknown}
 p - a potion of magic {unknown}
 r - a potion of brilliance {unknown}
Books
 c - a book of Spatial Translocations

   Spells                             Type                      Level
   *Apportation                       Translocation                1
   *Blink                             Translocation                2
   Shroud of Golubria                 Charms/Translocation         2
   Portal Projectile                  Translocation                3
   Teleport Other                     Translocation                3
   Passage of Golubria                Translocation                4


   Skills:
 - Level 2.0 Fighting
 + Level 4.4 Maces & Flails
 - Level 0.8 Throwing
 - Level 0.7 Armour
 - Level 1.5 Dodging
 - Level 2.0 Spellcasting
 - Level 3.0 Translocations


You had 4 spell levels left.
You knew the following spells:

 Your Spells              Type           Power        Failure   Level  Hunger
a - Apportation           Tloc           #.........   12%         1    ##.....
b - Blink                 Tloc           N/A          14%         2    ###....


Dungeon Overview and Level Annotations

Branches:
Dungeon (3/15)

Altars:


Innate Abilities, Weirdness & Mutations

You cannot wear boots.
You can spit poison.
Your serpentine skin is tough (AC +1).
You have supernaturally acute eyesight.
Armour fits poorly on your strangely shaped body.
Your system is resistant to poisons.
You cover ground very slowly.


Message History

Aim: an ogre, wielding a giant club (heavily wounded)
You shoot a stone. The stone hits the ogre.
The ogre is severely wounded.
The ogre barely misses you.
Firing (i - inventory):
q - 3 stones (quivered)
Press: ? - help, Shift-Dir - straight line, f/p - ogre
Aim: an ogre, wielding a giant club (severely wounded)
You shoot a stone. The stone hits the ogre.
The ogre is severely wounded.
The ogre hits you with a giant club!
* * * LOW HITPOINT WARNING * * *
A bat comes into view.
You are too injured to fight recklessly!
Use which ability? (? or * to list)
Press: ? - help, Shift-Dir - straight line, f/p - ogre
Aim: an ogre, wielding a giant club (severely wounded)
The splash of poison hits the ogre.
The ogre is poisoned.
The ogre is severely wounded.
You feel slightly more hungry. The ogre hits you with a giant club!!
You die...

.(. #.# ..... #.# .(. #.#
.b( #.# ... #.# #(#
#.#### #.# #####.#...
...#####O#######.......##
.....%..@..............#<
###.####.#######.####..##
.............(..(......#
###..###..#####...###)##
# #..##..........#
#..##..#...####### .
#..##.............
#.##..##.##.#.#######
..#..##.##.#.#


You could see an ogre and a bat.

Vanquished Creatures
  Ijyb (D:2)
  An adder (D:3)
  A ball python (D:2)
  A giant cockroach (D:1)
  6 goblins (D:1)
  6 hobgoblins (D:2)
  4 jackals
  A quokka (D:3)
  10 bats
  A giant gecko (D:1)
  A giant newt (D:1)
  15 kobolds
  8 rats
56 creatures vanquished.

Notes
Turn   | Place    | Note
--------------------------------------------------------------
     0 | D:1      | FiftyNine, the Naga Warper, began the quest for the Orb.
     0 | D:1      | Reached XP level 1. HP: 19/19 MP: 3/3
   379 | D:1      | Reached XP level 2. HP: 8/26 MP: 4/4
  1612 | D:1      | Reached XP level 3. HP: 11/32 MP: 6/6
  1637 | D:1      | Learned a level 2 spell: Blink
  2302 | D:2      | Noticed Ijyb
  2310 | D:2      | Killed Ijyb
  2310 | D:2      | Reached skill level 4 in Maces & Flails
  2310 | D:2      | Reached XP level 4. HP: 39/39 MP: 7/7
  2533 | D:3      | Noticed an ogre
  2994 | D:3      | Demolished by an ogre

Action                   |  1- 3 |  4- 6 || total
-------------------------+-------+-------++-------
Melee: Mace              |    41 |       ||    41
 Fire: Hunting sling     |   152 |    60 ||   212
Throw: Tomahawk          |       |     5 ||     5
 Abil: Spit Poison       |     6 |     4 ||    10
  Use: Scroll            |     5 |       ||     5
  Eat: Chunk             |     4 |     2 ||     6
       Beef jerky        |       |     1 ||     1
